 Dungeon Crawl Stone Soup version 0.28.0-45-g0d030f2227 (webtiles) character file.

Game seed: 8949169207472997568

760 Ablot the Cutter (level 7, -39/60 HPs)
             Began as a Gnoll Chaos Knight on Apr 20, 2022.
             Was a Plaything of Xom.
             Killed from afar by a Hell Sentinel (43 damage)
             ... with an iron shot
             ... on level 2 of the Abyss.
             The game lasted 00:06:27 (5205 turns).

Ablot the Cutter (Gnoll Chaos Knight)               Turns: 5205, Time: 00:06:28

Health: -39/60     AC:  9    Str: 13    XL:     7   Next: 80%
Magic:  11/11      EV: 12    Int: 12    God:    Xom [......]
Gold:   186        SH:  0    Dex: 11    Spells: 11/11 levels left

rFire   . . .      SeeInvis +   a - +0 short sword (chaos)
rCold   . . .      Faith    .   (no shield)
rNeg    . . .      Spirit   .   b - +2 leather armour
rPois   .          Reflect  .   l - +0 helmet
rElec   .          Harm     .   (no cloak)
rCorr   .          Rampage  .   z - +0 pair of gloves
Will    .....                   h - +0 pair of boots
Stlth   ++........              p - amulet of the acrobat
HPRegen 0.20/turn               d - ring of see invisible
MPRegen 0.12/turn               (no ring)

@: no status effects
A: fangs 1, strong nose, distributed training
a: Renounce Religion


You were on level 2 of the Abyss.
You worshipped Xom.
You were a very special plaything of Xom.
You visited 1 branch of the dungeon, and saw 5 of its levels.
You visited the Abyss 1 time.

You collected 251 gold pieces.
You spent 65 gold pieces at shops.

Inventory:

Hand Weapons
 a - a +0 short sword of chaos (weapon)
 f - a +4 mace
Missiles
 e - 103 stones
 k - 7 poisoned darts (quivered)
 y - 49 arrows
Armour
 b - a +2 leather armour (worn)
 h - a +0 pair of boots (worn)
 i - a +1 kite shield of positive energy
 l - a +0 helmet (worn)
 z - a +0 pair of gloves (worn)
Magical Staves
 D - a staff of conjuration
Jewellery
 d - a ring of see invisible (left hand)
 p - an amulet of the acrobat (around neck)
Wands
 j - a wand of iceblast (12)
 s - a wand of flame (25)
 B - a wand of polymorph (4)
Scrolls
 c - a scroll of immolation {unknown}
 g - a scroll of fog {unknown}
 m - 5 scrolls of enchant armour {unknown}
 n - 3 scrolls of teleportation {unknown}
 o - a scroll of acquirement {unknown}
 r - a scroll of noise {unknown}
 t - a scroll of enchant weapon {unknown}
 u - a scroll of fear {unknown}
 v - a scroll of amnesia {unknown}
 w - 3 scrolls of identify
 E - 2 scrolls of vulnerability {unknown}
Potions
 q - 2 potions of heal wounds {unknown}
 x - a potion of might {unknown}
 A - a potion of berserk rage {unknown}
 C - 3 potions of curing


   Skills:
 + Level 7.1 Fighting
 + Level 7.1 Short Blades
 + Level 2.7 Long Blades
 + Level 2.7 Axes
 + Level 2.7 Maces & Flails
 + Level 2.7 Polearms
 + Level 2.7 Staves
 + Level 2.7 Slings
 + Level 2.7 Bows
 + Level 2.7 Crossbows
 + Level 2.7 Throwing
 + Level 5.3 Armour
 + Level 3.8 Dodging
 + Level 2.7 Stealth
 + Level 2.7 Shields
 + Level 2.7 Unarmed Combat
 + Level 2.7 Spellcasting
 + Level 2.2 Conjurations
 + Level 2.2 Hexes
 + Level 2.2 Summonings
 + Level 2.2 Necromancy
 + Level 2.2 Translocations
 + Level 2.2 Transmutations
 + Level 2.2 Fire Magic
 + Level 2.2 Ice Magic
 + Level 2.2 Air Magic
 + Level 2.2 Earth Magic
 + Level 2.2 Poison Magic
 + Level 3.0 Invocations
 + Level 2.7 Evocations


You had 11 spell levels left.
You didn't know any spells.
Your spell library contained the following spells:

 Spells                   Type           Power      Damage    Failure   Level
 Summon Small Mammal      Summ           24%        N/A       13%         1
 Call Canine Familiar     Summ           6%         N/A       36%         3
 Conjure Flame            Conj/Fire      6%         6-21      36%         3
 Dazzling Flash           Conj/Hex       12%        N/A       36%         3
 Ignite Poison            Fire/Tmut/Pois 6%         N/A       36%         3
 Summon Guardian Golem    Hex/Summ       6%         N/A       36%         3
 Iskenderun's Mystic Bla  Conj/Tloc      6%         2d4       77%         4
 Sticky Flame             Conj/Fire      6%         2d3       77%         4
 Starburst                Conj/Fire      3%         6d3       100%        6


Dungeon Overview and Level Annotations

Branches:
Dungeon (5/15)
 Temple: D:4-7

Altars:
Okawaru

Shops:
D:4 *

Annotations:
D:4 2 runed translucent doors, exclusion: 2 doors, Ablot's ghost, novice GnCK


Innate Abilities, Weirdness & Mutations

You have very sharp teeth.
Your uncanny sense of smell can sniff out nearby items.
Your experience applies equally to all skills.


Message History

You kill the black bear!
The ogre hits you with a +0 giant club!
Your Invocations skill increases to level 3!
You hit the ogre.
The ogre seems to speed up.
You bite the ogre.
The ogre is moderately wounded.
Xom's power touches on a nearby weapon.
The ogre's +0 giant club erupts in a glittering mayhem of colour.
An adder comes into view.
You hit the ogre. You burn the ogre.
The ogre is moderately wounded.
The ogre hits you with a +1 giant club of chaos!
You are cast into the Abyss!
This branch contains the abyssal rune of Zot.
Xom thinks this is hilarious!
Unknown command.
Magic restored.
A Hell Sentinel emerges from the beyond.
The Hell Sentinel roars!
The Hell Sentinel gestures at you.
The sphere of damnation explodes!
The damnation engulfs you!!
* * * LOW HITPOINT WARNING * * *
A shower of butterflies erupts from you!
You emit a cloud of colourful smoke!
The damnation engulfs your butterfly!!
Your butterfly dies!
Your butterfly disappears in a puff of smoke!
The damnation engulfs your butterfly!!!
Your butterfly dies!
Your butterfly disappears in a puff of smoke!
You barely miss the Hell Sentinel. Your punch misses the Hell Sentinel.
The Hell Sentinel barely misses you. The Hell Sentinel hits you!
* * * LOW HITPOINT WARNING * * *
Xom thinks this is hilarious!
You hit the Hell Sentinel but do no damage.
You bite the Hell Sentinel, but do no damage.
The Hell Sentinel gestures at you. The iron shot hits you!!!
Ouch! That really hurt!
You die...
Xom thinks this is hilarious!

. # .#.# . ..
#..#. ... # #
#. # #...#.# #
. #.# ##.###
#### ##. # ...#
##..##. ##..###
#@###.####..##
#1##. #...#..
#.....1..#.###.
#..#.##.#..# #
#...#..##..#
#.###### ...
#.# .. #. ###
.#. . .##


You could see a Hell Sentinel.

Vanquished Creatures
  A water moccasin (D:4)
  A black bear (D:5)
  A phantom (D:4)
  2 hounds (D:4)
  4 orc priests
  Terence (D:3)
  2 orc wizards (D:4)
  A hound skeleton (D:4)
  Robin (D:4)
  8 gnolls
  3 adders
  An ufetubus (D:4)
  A worm (D:4)
  6 dart slugs
  10 orcs
  5 bats
  5 endoplasms
  3 giant cockroaches
  10 goblins
  4 hobgoblins
  12 kobolds
  3 quokkas
  6 ball pythons
  4 frilled lizards
  9 rats
104 creatures vanquished.

Notes
Turn   | Place    | Note
-------+----------+-------------------------------------------
     0 | D:1      | Ablot the Gnoll Chaos Knight began the quest for the Orb.
     0 | D:1      | Reached XP level 1. HP: 23/23 MP: 1/1
   119 | D:1      | Reached XP level 2. HP: 29/29 MP: 2/2
   417 | D:1      | XOM: smoke on damage
   536 | D:1      | XOM: god gift: 30 gold pieces
   586 | D:1      | XOM: god gift: robe {god gift}
   604 | D:1      | Reached XP level 3. HP: 20/35 MP: 3/3
  1082 | D:2      | XOM: butterfly on damage
  1087 | D:2      | Reached skill level 1 in Invocations
  1089 | D:2      | Reached skill level 1 in Long Blades
  1089 | D:2      | Reached skill level 1 in Axes
  1089 | D:2      | Reached skill level 1 in Maces & Flails
  1089 | D:2      | Reached skill level 1 in Polearms
  1089 | D:2      | Reached skill level 1 in Staves
  1089 | D:2      | Reached skill level 1 in Slings
  1089 | D:2      | Reached skill level 1 in Bows
  1089 | D:2      | Reached skill level 1 in Crossbows
  1089 | D:2      | Reached skill level 1 in Throwing
  1089 | D:2      | Reached skill level 1 in Stealth
  1089 | D:2      | Reached skill level 1 in Shields
  1089 | D:2      | Reached skill level 1 in Unarmed Combat
  1089 | D:2      | Reached skill level 1 in Spellcasting
  1089 | D:2      | Reached skill level 1 in Evocations
  1096 | D:2      | HP: 1/35 [adder (2)]
  1108 | D:2      | Reached XP level 4. HP: 4/41 MP: 5/5
  1882 | D:2      | Found an iron altar of Okawaru.
  2137 | D:3      | Noticed Terence
  2149 | D:3      | XOM: enchant monster (good)
  2156 | D:3      | Killed Terence
  2157 | D:3      | Reached skill level 1 in Conjurations
  2157 | D:3      | Reached skill level 1 in Hexes
  2157 | D:3      | Reached skill level 1 in Summonings
  2157 | D:3      | Reached skill level 1 in Necromancy
  2157 | D:3      | Reached skill level 1 in Translocations
  2157 | D:3      | Reached skill level 1 in Transmutations
  2157 | D:3      | Reached skill level 1 in Fire Magic
  2157 | D:3      | Reached skill level 1 in Ice Magic
  2157 | D:3      | Reached skill level 1 in Air Magic
  2157 | D:3      | Reached skill level 1 in Earth Magic
  2157 | D:3      | Reached skill level 1 in Poison Magic
  2439 | D:3      | XOM: divination: detect items
  2525 | D:3      | XOM: divination: detect items
  2572 | D:3      | Reached XP level 5. HP: 47/47 MP: 6/6
  2887 | D:3      | XOM: cast spell 'Summon Ice Beast'
  3075 | D:3      | Reached XP level 6. HP: 18/53 MP: 8/8
  3146 | D:3      | XOM: silly message
  3296 | D:3      | XOM: divination: detect items
  3300 | D:3      | XOM: divination: detect items
  3435 | D:3      | Reached skill level 5 in Armour
  3652 | D:3      | XOM: cloud trail
  3694 | D:4      | Found a large runed translucent door.
  3694 | D:4      | Found a large runed translucent door.
  3696 | D:4      | Noticed Ablot's ghost (novice GnCK)
  3807 | D:4      | Found Busm's General Store.
  3809 | D:4      | Found Daoj Upt's Specific Store.
  3824 | D:4      | Bought a scroll of identify for 26 gold pieces
  3828 | D:4      | Bought a potion of curing for 39 gold pieces
  3957 | D:4      | Noticed a water moccasin
  3967 | D:4      | Killed a water moccasin
  3968 | D:4      | Reached XP level 7. HP: 44/59 MP: 10/10
  4444 | D:4      | XOM: silly message
  4820 | D:4      | Noticed Robin
  4831 | D:4      | XOM: cast spell 'Summon Small Mammal'
  4835 | D:4      | Killed Robin
  4924 | D:4      | XOM: noise
  5131 | D:5      | Entered Level 5 of the Dungeon
  5148 | D:5      | XOM: chaos upgrade
  5149 | D:5      | Cast into level 2 of the Abyss (ogre)
  5160 | Abyss:2  | Noticed a Hell Sentinel
  5188 | Abyss:2  | XOM: butterfly on damage
  5188 | Abyss:2  | XOM: smoke on damage
  5205 | Abyss:2  | Killed from afar by a Hell Sentinel

Illustrated notes

Levels and vault maps discovered:
D:1:      sevenhm_arrival_forest_fort_large_2, layout_basic
D:2:      minmay_recursive_quarters, layout_basic, basic_altar
D:3:      layout_basic, moated_statue, uniq_terence
D:4:      layout_basic, ebering_ghost_disaster_area, nicolae_specific_store,
          ebering_dispersal_statue_hall, uniq_robin
D:5:      layout_loops_ring
Abyss:2:  base:
Temple

Skill      XL: |  1  2  3  4  5  6  7 |
---------------+----------------------+-----
Invocations    | 1 2 3 |  3.0
Long Blades    | 1 2 |  2.7
Axes           | 1 2 |  2.7
Maces & Flails | 1 2 |  2.7
Polearms       | 1 2 |  2.7
Staves         | 1 2 |  2.7
Slings         | 1 2 |  2.7
Bows           | 1 2 |  2.7
Crossbows      | 1 2 |  2.7
Throwing       | 1 2 |  2.7
Stealth        | 1 2 |  2.7
Shields        | 1 2 |  2.7
Unarmed Combat | 1 2 |  2.7
Spellcasting   | 1 2 |  2.7
Evocations     | 1 2 |  2.7
Conjurations   | 1 2 |  2.2
Hexes          | 1 2 |  2.2
Summonings     | 1 2 |  2.2
Necromancy     | 1 2 |  2.2
Translocations | 1 2 |  2.2
Transmutations | 1 2 |  2.2
Fire Magic     | 1 2 |  2.2
Ice Magic      | 1 2 |  2.2
Air Magic      | 1 2 |  2.2
Earth Magic    | 1 2 |  2.2
Poison Magic   | 1 2 |  2.2
Dodging        | 3 |  3.8
Armour         | 5 |  5.3
Fighting       | 7 |  7.1
Short Blades   | 7 |  7.1

Action                   |  1- 3 |  4- 6 |  7- 9 || total
-------------------------+-------+-------+-------++-------
Melee: Short sword       |   108 |   163 |   133 ||   404
       Bite              |     7 |    19 |    13 ||    39
       Punch             |     2 |     2 |     2 ||     6
Throw: Stone             |     5 |       |       ||     5
       Dart              |     3 |       |       ||     3
  Use: Potion            |     1 |       |       ||     1
 Stab: Paralysed         |     1 |     2 |       ||     3
       Sleeping          |       |     2 |     1 ||     3
Armor: Leather armour    |    23 |    32 |    61 ||   116
       Skin              |    11 |       |       ||    11
Dodge: Dodged            |    51 |    92 |    82 ||   225
